Match 41678840
Unlisted

Match 41678840
End
Pioneer Squad
Construct Infanterie Kompanie
Grenadier Squad
Grenadier Squad
Grenadier Squad
GrW 34 Mortar Team
Construct Panzergrenadier Kompanie
Pak 40 Anti-tank Gun Team
Medical Bunker
Panzergrenadier Squad
Selects Mechanized Battlegroup
Selects Raid Package
Selects 8 Rad Armored Car
8 Rad Armored Car
8 Rad Armored Car
Pak 40 Anti-tank Gun Team
Pioneer Squad
Panzergrenadier Squad
8 Rad Armored Car
Lazy Ren
China #1
0
0

Comments sign in to comment!

No comments posted yet!